 Dungeon Crawl Stone Soup version 0.29-a0-392-g297d3b089c (webtiles) character file.

Game seed: 7582071252565106444

469 bande the Covered (level 7, -4/43 HPs)
             Began as a Gargoyle Fighter on May 8, 2022.
             Slain by an orc warrior
             ... wielding a +0 dire flail
              (5 damage)
             ... on level 4 of the Dungeon.
             The game lasted 00:05:35 (4224 turns).

bande the Covered (Gargoyle Fighter)                Turns: 4224, Time: 00:05:35

Health: -4/43      AC: 17    Str: 19    XL:     7   Next: 9%
Magic:  7/7        EV:  7    Int:  9    God:
Gold:   216        SH:  0    Dex: 11    Spells: 6/6 levels left

rFire   . . .      SeeInvis .   a - +0 war axe
rCold   . . .      Faith    .   c - +0 buckler
rNeg    + . .      Spirit   .   m - +0 chain mail
rPois   ∞          Reflect  +   q - +2 helmet
rElec   +          Harm     .   (no cloak)
rCorr   .          Rampage  .   (no gloves)
Will    .....                   (no boots)
Stlth   ..........              l - amulet of reflection
HPRegen 0.14/turn               (no ring)
MPRegen 0.10/turn               (no ring)

@: confused
A: sickness immunity, AC +4, negative energy resistance 1, electricity
resistance, torment resistance 1, petrification resistance
a: no special abilities


You were on level 4 of the Dungeon.
You visited 1 branch of the dungeon, and saw 4 of its levels.

You collected 216 gold pieces.

Inventory:

Hand Weapons
 a - a +0 war axe (weapon)
 n - a +0 flail
Armour
 c - a +0 buckler (worn)
 m - a +0 chain mail (worn)
 q - a +2 helmet (worn)
Jewellery
 l - an amulet of reflection (around neck)
Scrolls
 i - a scroll of amnesia
 p - 2 scrolls of teleportation
Potions
 d - 4 potions of might
 e - a potion of magic {unknown}
 f - 2 potions of curing
 g - a potion of mutation {unknown}
 h - a potion of heal wounds
 j - a potion of experience {unknown}
 k - a potion of lignification {unknown}
 o - a potion of haste {unknown}


   Skills:
 + Level 4.2 Fighting
 + Level 4.9 Axes
 + Level 4.9 Armour
 - Level 0.2 Stealth
 + Level 4.5 Shields


You had 6 spell levels left.
You didn't know any spells.
Your spell library contained the following spells:

 Spells                   Type           Power      Damage    Failure   Level
 Ensorcelled Hibernation  Hex/Ice        0%         N/A       100%        2
 Passwall                 Tmut/Erth      0%         N/A       100%        2
 Wereblood                Tmut           0%         N/A       100%        2
 Stone Arrow              Conj/Erth      0%         3d7       100%        3
 Swiftness                Air            0%         N/A       100%        3
 Animate Armour           Summ/Erth      0%         N/A       100%        4
 Summon Hydra             Summ           0%         N/A       100%        7
 Lehudib's Crystal Spear  Conj/Erth      0%         10d2      100%        8
 Sublimation of Blood     Necr           Unusable   N/A       N/A         2

Dungeon Overview and Level Annotations

Branches:
Dungeon (4/15)
 Temple: D:4-7

Altars:
Gozag
Sif Muna

Shops:
D:1 [   D:2 :


Innate Abilities, Weirdness & Mutations

You are immune to sickness and miasma.
Your stone body is resilient. (AC +4)
You are immune to poison.
You resist negative energy. (rN+)
You are resistant to electric shocks. (rElec)
You are resistant to unholy torment.
You are immune to petrification.


Message History

You kill the giant cockroach!
The orc priest barely misses you. You block the goblin's attack.
Something hits you but does no damage. The orc warrior closely misses you.
The dart slug launches a dart at you.
The slug dart reflects off an invisible shield around you!
The slug dart hits the dart slug.
You slash the orc priest!
The orc priest is almost dead.
You closely miss the goblin. You closely miss something.
You closely miss the orc warrior. You block the orc priest's attack.
The goblin hits you with a +0 dagger. Something hits you but does no damage.
The orc warrior hits you with a +0 dire flail!
The goblin hits you with a +0 dagger. The goblin hits you but does no damage.
You hear some strange, mumbled words.
You are confused.
The orc warrior hits you with a +0 dire flail.
The orc priest hits you but does no damage.
You barely miss the orc priest.
The orc priest is almost dead.
You miss the goblin. You barely miss something.
You barely miss the orc warrior. You barely miss the goblin.
The goblin hits you but does no damage.
You hear some strange, mumbled words.
A magic dart appears from out of thin air!
The magic dart hits you but does no damage.
The orc priest mumbles some strange prayers to Beogh against you.
Pain shoots through your body! The goblin hits you but does no damage.
The orc warrior hits you but does no damage.
The orc wizard mumbles some strange words.
The orc wizard flickers and vanishes!
The goblin barely misses you.
The orc priest hits you but does no damage.
The orc warrior hits you with a +0 dire flail!
* * * LOW HITPOINT WARNING * * *
Unknown command.
You slash the goblin!
You kill the goblin!
You closely miss the orc priest. You barely miss the goblin.
You hit the orc warrior. The goblin barely misses you.
The orc warrior hits you with a +0 dire flail.
You die...

........#......####.##.#
.....^..#.##...# #.##.#
........#.##...# #.##.#
........#.##...# #.##.#
.......<#.##...# #.....
........#.###'## #..#.#
........#.###(#####..#..
.......oo.†.............
......g@#.###.#####....#
........#+# #.# ##.#.#
....w.... ..# #.#.#
.......... ..# #.#.#
........... .## # #.#
............. #.#
..).......... #.#
........#+#'## #.# #.#


You could see an orc warrior, an orc priest, a dart slug and a goblin.

Vanquished Creatures
  Sigmund (D:3)
  A scorpion (D:4)
  2 jellies
  Terence (D:2)
  Natasha (D:2)
  Robin (D:2)
  5 adders
  A gnoll (D:3)
  A worm (D:3)
  A dart slug (D:2)
  An orc (D:4)
  4 endoplasms
  5 giant cockroaches
  11 goblins
  9 hobgoblins
  2 jackals (D:2)
  5 kobolds
  4 quokkas
  4 ball pythons
  4 bats
  2 frilled lizards (D:1)
  5 rats
71 creatures vanquished.

Vanquished Creatures (others)
  A plant (D:1)
1 creature vanquished.

Grand Total: 72 creatures vanquished

Notes
Turn   | Place    | Note
-------+----------+-------------------------------------------
     0 | D:1      | bande the Gargoyle Fighter began the quest for the Orb.
     0 | D:1      | Reached XP level 1. HP: 14/14 MP: 1/1
   464 | D:1      | Found Wyluud's Antique Armour Shop.
   639 | D:1      | Reached XP level 2. HP: 14/19 MP: 2/2
  1781 | D:2      | Reached XP level 3. HP: 8/23 MP: 3/3
  1788 | D:2      | Identified the +0 leather armour "Dawe" {Harm Regen+}
  2097 | D:2      | Found Tececeveas's Book Shoppe.
  2182 | D:2      | Noticed Terence
  2190 | D:2      | Killed Terence
  2191 | D:2      | Reached XP level 4. HP: 15/29 MP: 4/4
  2514 | D:2      | Noticed Robin
  2538 | D:2      | Killed Robin
  2921 | D:3      | Reached XP level 5. HP: 32/33 MP: 5/5
  2930 | D:3      | Noticed Sigmund
  2937 | D:3      | Killed Sigmund
  2938 | D:3      | Reached XP level 6. HP: 38/38 MP: 6/6
  3280 | D:2      | Found a faded altar of an unknown god.
  3504 | D:2      | Found an opulent altar of Gozag.
  3642 | D:2      | Noticed Natasha
  3649 | D:2      | Killed Natasha
  3774 | D:3      | Found a shimmering blue altar of Sif Muna.
  4213 | D:4      | Reached XP level 7. HP: 43/43 MP: 7/7
  4223 | D:4      | HP: 1/43 [orc warrior/+0 dire flail (15)]
  4224 | D:4      | Slain by an orc warrior

Illustrated notes

Levels and vault maps discovered:
D:1:      eino_arrival_water_cross, layout_basic, serial_shops,
          nicolae_shop_hallway_plus, grunt_decor_fettered
D:2:      layout_basic, basic_altar, serial_shops, shop,
          ebering_ecumenical_altar_sacrificial, uniq_terence, uniq_natasha,
          uniq_robin
D:3:      wad_crossroads, layout_rooms, led_sif_book, fountainhead, uniq_sigmund
D:4:      layout_basic, minmay_temple_entry_offerings, uniq_duvessa,
          uniq_crazy_yiuf_cottage, uniq_pikel

Skill      XL: |  1  2  3  4  5 |
---------------+----------------+-----
Axes           | 2 3 4 |  4.9
Armour         | 4 |  4.9
Fighting       | 4 |  4.2
Shields        | 4 |  4.5
Stealth        | |  0.2

Action                   |  1- 3 |  4- 6 |  7- 9 || total
-------------------------+-------+-------+-------++-------
Melee: War axe           |   101 |   131 |     6 ||   238
  Use: Scroll            |       |     9 |       ||     9
       Potion            |       |       |     1 ||     1
Armor: Scale mail        |    58 |    19 |       ||    77
       Chain mail        |       |    58 |    18 ||    76
Dodge: Dodged            |    54 |    29 |     9 ||    92
Block: Buckler           |    39 |    78 |    11 ||   128
       Reflection        |       |     2 |     1 ||     3

Table legend: (Time is in decaauts)
 A = Elapsed time spent in this place.
 B = Non-inter-level travel time spent in this place.
 C = Inter-level travel time spent in this place.
 D = Time resting spent in this place.
 E = Time spent auto-exploring this place.
 F = Levels seen in this place.
 G = Mean time per level.
                   A        B        C        D        E       F      G
               +--------+--------+--------+--------+--------+-----+--------+
         Total |   4317 |   4289 |     28 |    667 |   2822 |   4 | 1079.2 |
       Dungeon |   4317 |   4289 |     28 |    667 |   2822 |   4 | 1079.2 |
               +--------+--------+--------+--------+--------+-----+--------+

Top non-repeatable levels by time:
     D:1: 1701 daAuts
     D:2: 1432 daAuts
     D:3: 947 daAuts
     D:4: 236 daAuts
